 Dungeon Crawl Stone Soup version 0.29.1-12-g30fa7ad0bf (webtiles) character file.

Game seed: 4652215473028611625

62 Oxelix the Grave Robber (level 3, -7/19 HPs)
             Began as a Deep Elf Necromancer on Jan 3, 2023.
             Killed by divine providence
             ... invoked by an orc priest
              (15 damage)
             ... on level 3 of the Dungeon.
             The game lasted 00:09:44 (2545 turns).

Oxelix the Grave Robber (Deep Elf Necromancer)      Turns: 2545, Time: 00:09:45

Health: -7/19      AC:  2    Str:  5    XL:     3   Next: 85%
Magic:  5/10       EV: 12    Int: 21    God:
Gold:   191        SH:  0    Dex: 15    Spells: 6/10 levels left

rFire   . . .      SeeInvis .   (no weapon)
rCold   . . .      Faith    .   (no shield)
rNeg    . . .      Spirit   .   a - +0 robe
rPois   .          Reflect  .   (no helmet)
rElec   .          Harm     .   (no cloak)
rCorr   .          Rampage  .   (no gloves)
Will    .....                   (no boots)
Stlth   ++........              (no amulet)
HPRegen 0.06/turn               (no ring)
MPRegen 0.12/turn               (no ring)

@: no status effects
A: no striking features
a: no special abilities


You were on level 3 of the Dungeon.
You visited 1 branch of the dungeon, and saw 3 of its levels.

You collected 191 gold pieces.

Inventory:

Armour
 a - a +0 robe (worn)
Jewellery
 p - an amulet of the acrobat
Wands
 i - a wand of paralysis (12)
Scrolls
 c - 2 scrolls of silence {unknown}
 d - a scroll of fog {unknown}
 g - a scroll of blinking {unknown}
 j - a scroll of poison {unknown}
 m - 2 scrolls of vulnerability {unknown}
Potions
 b - 2 potions of magic
 e - 2 potions of mutation {unknown}
 f - a potion of lignification {unknown}
 h - a potion of heal wounds {unknown}
 k - a potion of cancellation {unknown}
 l - a potion of curing {unknown}
 n - a potion of invisibility {unknown}
 o - 2 potions of brilliance {unknown}


   Skills:
 - Level 2.4 Dodging
 - Level 2.4 Stealth
 + Level 4.0 Spellcasting
 * Level 6.1 Necromancy


You had 6 spell levels left.
You knew the following spells:

 Your Spells              Type           Power      Damage    Failure   Level
a - Necrotise             Necr           100%       1d9       1%          1
b - Vampiric Draining     Necr           30%        2d8       2%          3

Your spell library contained the following spells:

 Spells                   Type           Power      Damage    Failure   Level
 Animate Dead             Necr           30%        N/A       10%         4
 Ensorcelled Hibernation  Hex/Ice        8%         N/A       19%         2
 Passwall                 Tmut/Erth      3%         N/A       19%         2
 Agony                    Necr           30%        N/A       26%         5
 Frozen Ramparts          Ice            8%         1d2       34%         3
 Swiftness                Air            4%         N/A       34%         3
 Ice Form                 Ice/Tmut       4%         N/A       75%         4
 Summon Ice Beast         Ice/Summ       4%         N/A       75%         4


Dungeon Overview and Level Annotations

Branches:
Dungeon (3/15)

Altars:
Cheibriados
Makhleb


Message History

Press: ? - help, Shift-Dir - straight line, f/p - orc
Aim: an orc, wielding a +0 war axe (severely wounded, chance to affect: 93%)
The orc writhes in agony.
Casting: Necrotise (safe; 1% risk of failure)
Confirm with . or Enter, or press ? or * to list all spells.
Aiming: Necrotise (safe; 1% risk of failure)
Press: ? - help, Shift-Dir - straight line, f/p - orc
Aim: an orc, wielding a +0 war axe (almost dead, chance to affect: 93%)
The orc writhes in agony!
You kill the orc!
The dead are walking!
The orc priest looks braver for a moment.
There is an open door here.
The orc priest hits your orc skeleton with a +0 dagger.
Your orc skeleton hits the orc priest but does no damage.
The orc priest hits your orc skeleton with a +0 dagger.
The orc priest hits your orc skeleton with a +0 dagger.
Your orc skeleton is destroyed!
Casting: Necrotise (safe; 1% risk of failure)
Confirm with . or Enter, or press ? or * to list all spells.
Aiming: Necrotise (safe; 1% risk of failure)
Press: ? - help, Shift-Dir - straight line, f - orc priest
Aim: an orc priest, wielding a +0 dagger (chance to affect: 83%)
The orc priest writhes in agony!
Casting: Necrotise (safe; 1% risk of failure)
Confirm with . or Enter, or press ? or * to list all spells.
Aiming: Necrotise (safe; 1% risk of failure)
Press: ? - help, Shift-Dir - straight line, f/p - orc priest
Aim: an orc priest, wielding a +0 dagger (heavily wounded, chance to affect: 83%)
The orc priest writhes in agony.
Casting: Necrotise (safe; 1% risk of failure)
Confirm with . or Enter, or press ? or * to list all spells.
Aiming: Necrotise (safe; 1% risk of failure)
Press: ? - help, Shift-Dir - straight line, f/p - orc priest
Aim: an orc priest, wielding a +0 dagger (severely wounded, chance to affect: 83%)
The orc priest writhes in agony.
The orc priest mumbles some strange prayers to Beogh against you.
Beogh smites you!
Ouch! That really hurt!
You die...

#........###...###.# #........#
#.##..##.# #.......# #####.####
#.##..##.# ##.###### ##.####
......##.# #.# #.....# ..##.###.#
##+## #..##.# ..##.# #.###...##
#...#.# ..##.###.##.....##
###.#.#.# .........#....>..##
##.#.....#
.....####.......@.####...##.#####
##....†.+.........'oo...o........
##..####.........####...##.#####
#.## ##.......## ##.###.# # ##.#
##.....## ### #.# # ##.## ##...##
#.# # ...# ##+## #.# ##.# #.#
##.# #.# #.# #..#


You could see an orc priest and an orc.

Vanquished Creatures
  2 worms (D:2)
  7 orcs (D:3)
  4 bats
  7 endoplasms
  3 giant cockroaches
  4 hobgoblins
  2 jackals (D:3)
  2 quokkas
  2 ball pythons
  2 frilled lizards
  A goblin (D:1)
  3 kobolds
  4 rats
43 creatures vanquished.

Vanquished Creatures (collateral kills)
  An endoplasm (D:1)
  A ball python (D:1)
2 creatures vanquished.

Grand Total: 45 creatures vanquished

Notes
Turn   | Place    | Note
-------+----------+-------------------------------------------
     0 | D:1      | Oxelix the Deep Elf Necromancer began the quest for the
                  | Orb.
     0 | D:1      | Reached XP level 1. HP: 10/10 MP: 6/6
    57 | D:1      | Reached skill level 5 in Necromancy
   153 | D:1      | Reached XP level 2. HP: 15/15 MP: 2/8
   343 | D:1      | Found a faded altar of an unknown god.
   606 | D:1      | Found a burning altar of Makhleb.
  1130 | D:2      | Reached XP level 3. HP: 19/19 MP: 3/10
  1905 | D:3      | Found a snail-covered altar of Cheibriados.
  1950 | D:3      | Reached skill level 6 in Necromancy
  2033 | D:3      | Learned a level 3 spell: Vampiric Draining
  2545 | D:3      | Killed from afar by an orc priest

Illustrated notes

Levels and vault maps discovered:
D:1:      sevenhm_arrival_forest_fort_small_6, layout_basic,
          hellmonk_ecumenical_altar_slurped_away
D:2:      layout_basic, item_on_display_a
D:3:      layout_loops_corners, mainiacjoe_overflow_surrounded_room

Skill      XL: |  1  2  3 |
---------------+----------+-----
Necromancy     | 5 6 |  6.1
Spellcasting   | 4 |  4.0
Dodging        | |  2.4
Stealth        | |  2.4

Action                   || total
-------------------------++-------
 Cast: Necrotise         ||    75
       Vampiric Draining ||     1
Armor: Robe              ||     1
Dodge: Dodged            ||     9
